 Dungeon Crawl Stone Soup version 0.25-a0-1015-g4819203062 (webtiles) character file.

Game seed: 11181706710438833836, levelgen mode: deterministic

128 Chiseanne the Covered (level 4, -2/51 HPs)
             Began as a Demonspawn Wanderer on May 12, 2020.
             Killed from afar by an orc wizard (7 damage)
             ... with a puff of flame
             ... on level 3 of the Dungeon.
             The game lasted 00:04:01 (2658 turns).

Chiseanne the Covered (Demonspawn Wanderer)         Turns: 2658, Time: 00:04:02

Health: -2/51      AC: 22    Str: 10    XL:     4   Next: 86%
Magic:  6/6        EV:  2    Int: 17    God:
Gold:   131        SH:  0    Dex: 12    Spells: 6/6 levels left

rFire    . . .     SeeInvis .   a - +0 short sword
rCold    . . .     Gourm    .   (no shield)
rNeg     + + +     Faith    .   (armour currently unavailable)
rPois    +         Spirit   .   (helmet currently unavailable)
rElec    .         Reflect  .   (cloak currently unavailable)
rCorr    .         Harm     .   (gloves currently unavailable)
MR       .....     NoTele   +   (boots currently unavailable)
Stlth    ++........             (no amulet)
HPRegen  0.17/turn              (no ring)
MPRegen  0.10/turn              (no ring)

@: tree-form
A: repulsion field 2
a: no special abilities


You were on level 3 of the Dungeon.
You were hungry.
You were a tree.
You visited 1 branch of the dungeon, and saw 3 of its levels.

You collected 131 gold pieces.

Inventory:

Hand Weapons
 a - a +0 short sword (weapon)
 q - a +0 hand crossbow
 w - a +2 shortbow
Missiles
 b - 20 arrows
 e - 44 bolts
 h - 73 stones (quivered)
 u - 6 curare-tipped darts
Armour
 c - a +0 ring mail (melded)
 l - a +0 pair of boots (melded)
 o - a +0 cloak (melded)
 t - a +1 leather armour of fire resistance
Wands
 s - a wand of iceblast (5)
Scrolls
 d - a scroll of magic mapping {unknown}
 f - 2 scrolls of teleportation {unknown}
 i - 2 scrolls of identify {unknown}
 k - 4 scrolls of amnesia {unknown}
 p - a scroll of blinking {unknown}
 r - 3 scrolls of fear {unknown}
Potions
 j - 2 potions of haste
 n - a potion of heal wounds {unknown}
Comestibles
 g - 7 rations
 v - 4 chunks of flesh


   Skills:
 * Level 2.4 Fighting
 - Level 1.7 Bows
 - Level 1.7 Crossbows
 * Level 3.4 Armour
 * Level 1.8 Dodging
 - Level 1.7 Stealth
 * Level 1.8 Spellcasting


You had 6 spell levels left.
You didn't know any spells.
Your spell library was empty.

Dungeon Overview and Level Annotations

Branches:
Dungeon (3/15)

Altars:
Ashenzari
Okawaru
Qazlal
Uskayaw
Zin


Innate Abilities, Weirdness & Mutations

You are surrounded by a moderate repulsion field. (EV +3)
((You are partially covered in sharp spines.))


Message History

You are too injured to fight recklessly!
You are too injured to fight recklessly!
You are too injured to fight recklessly!
You are too injured to fight recklessly!
You are too injured to fight recklessly!
You are too injured to fight recklessly!
You are too injured to fight recklessly!
You are too injured to fight recklessly!
It was a potion of lignification.
You turn into a tree.
Your +0 cloak melds into your body.
Your +0 pair of boots melds into your body.
Your +0 ring mail melds into your body.
Your roots penetrate the ground.
The orc wizard hits you but does no damage.
The orc priest hits you but does no damage.
You hit the orc priest but do no damage.
The orc priest is moderately wounded.
You are feeling hungry.
The orc wizard gestures at you while chanting.
The puff of flame hits you!
You die...

######..# #.#
#.#.# #..# #.#
#.#.# #..# #.#
#.#.# #..# #.#
#.#.# #..# #.#
#.#.#########
######..# ####
#...........###
........# ...
###.#######....
........#
#o#####.# #####
#########
#o♣.)...#
#########


You could see an orc priest and an orc wizard.

Vanquished Creatures
  Ijyb (D:3)
  6 adders
  2 dart slugs (D:1)
  2 orcs (D:3)
  2 giant cockroaches (D:1)
  5 goblins
  5 hobgoblins
  2 jackals (D:3)
  7 kobolds
  A quokka (D:2)
  A ball python (D:2)
  4 bats (D:1)
  A frilled lizard (D:2)
  A leopard gecko skeleton (D:3)
  4 rats
44 creatures vanquished.

Notes
Turn   | Place    | Note
-------+----------+-------------------------------------------
     0 | D:1      | Chiseanne the Demonspawn Wanderer began the quest for the
                  | Orb.
     0 | D:1      | Chiseanne set off with the following items: a +2 shortbow,
                  | 25 arrows, a +0 ring mail, a +0 hand crossbow, 22 bolts, a
                  | +0 dagger, a ration
     0 | D:1      | Reached XP level 1. HP: 15/15 MP: 1/1
   213 | D:1      | Gained mutation: You are partially covered in sharp spines.
                  | [demonic ancestry]
   213 | D:1      | Reached XP level 2. HP: 21/21 MP: 2/2
   640 | D:1      | Reached skill level 3 in Armour
   686 | D:1      | Reached skill level 1 in Dodging
   702 | D:1      | Reached skill level 1 in Spellcasting
   971 | D:2      | Gained mutation: You are surrounded by a mild repulsion
                  | field. (EV +2) [demonic ancestry]
   971 | D:2      | Reached XP level 3. HP: 24/26 MP: 4/4
  1140 | D:2      | Found a shattered altar of Ashenzari.
  1146 | D:2      | Found an iron altar of Okawaru.
  1233 | D:2      | Gained mutation: You are surrounded by a moderate repulsion
                  | field. (EV +3) [demonic ancestry]
  1233 | D:2      | Reached XP level 4. HP: 33/33 MP: 4/6
  1655 | D:2      | Found a stormy altar of Qazlal.
  1655 | D:2      | Found a glowing silver altar of Zin.
  1656 | D:2      | Found a hide-covered altar of Uskayaw.
  2162 | D:3      | Noticed Ijyb
  2194 | D:3      | Killed Ijyb
  2658 | D:3      | Killed from afar by an orc wizard

Illustrated notes

Levels and vault maps discovered:
D:1:      wander_arrival_abandoned_jail, layout_loops_cross, st_stairs_5
D:2:      layout_basic, nicolae_overflow_hidden_temple, first_ration
D:3:      layout_loops_ring, uniq_ijyb

Skill      XL: |  1  2  3 |
---------------+----------+-----
Armour         | 3 |  3.4
Dodging        | 1 |  1.8
Spellcasting   | 1 |  1.8
Fighting       | 2 |  2.4
Bows           | |  1.7
Crossbows      | |  1.7
Stealth        | |  1.7

Action                   |  1- 3 |  4- 6 || total
-------------------------+-------+-------++-------
Melee: Short sword       |    47 |    78 ||   125
 Fire: Shortbow          |    22 |       ||    22
  Use: Potion            |       |     1 ||     1
 Stab: Sleeping          |     2 |       ||     2
  Eat: Chunk             |     1 |     4 ||     5
Armor: Ring mail         |    15 |    23 ||    38
       Skin              |       |    17 ||    17
Dodge: Dodged            |    21 |    36 ||    57

Table legend:
 A = Non-vault XP
 B = Vault XP
 C = Vault XP percentage of total XP
 D = Non-vault monster count
 E = Vault monster count
 F = Vault count percentage of total count
                 A         B        C        D         E       F
            +---------+---------+-------+---------+---------+-------
      Total |     142 |      41 |  22.4 |      40 |       4 |   9.1
            +---------+---------+-------+---------+---------+-------
        D:1 |      34 |       5 |  12.8 |      17 |       3 |  15.0
        D:2 |      63 |       0 |   0.0 |      11 |       0 |   0.0
        D:3 |      45 |      36 |  44.4 |      12 |       1 |   7.7
            +---------+---------+-------+---------+---------+-------
